 Dungeon Crawl Stone Soup version 0.28-a0-172-g787e458d71 (webtiles) character file.

Game seed: 12114713477025284453

4 runemasterragnar the Ruffian (level 1, 0/18 HPs)
             Began as a Naga Transmuter on Aug 16, 2021.
             Slain by a ball python (1 damage)
             ... on level 1 of the Dungeon.
             The game lasted 00:00:30 (330 turns).

runemasterragnar the Ruffian (Naga Transmuter)       Turns: 330, Time: 00:00:31

Health: 0/18       AC:  1    Str: 12    XL:     1   Next: 70%
Magic:  3/3        EV:  9    Int: 13    God:
Gold:   9          SH:  0    Dex: 11    Spells: 3/4 levels left

rFire   . . .      SeeInvis +     - Unarmed
rCold   . . .      Faith    .   (no shield)
rNeg    . . .      Spirit   .   a - +0 robe
rPois   +          Reflect  .   (no helmet)
rElec   .          Harm     .   (no cloak)
rCorr   .          Rampage  .   (no gloves)
Will    .....                   (no barding)
Stlth   +.........              (no amulet)
HPRegen 0.06/turn               (no ring)
MPRegen 0.08/turn               (no ring)

@: short of breath, very slightly contaminated, invisible, very slow
A: AC +0, large, see invisible, deformed body, poison resistance, slowness 2,
spit poison 1, naga tail 1
a: Spit Poison


You were on level 1 of the Dungeon.
You visited 1 branch of the dungeon, and saw 1 of its levels.

You collected 9 gold pieces.

Inventory:

Armour
 a - a +0 robe (worn)


   Skills:
 + Level 1.1 Fighting
 + Level 1.6 Dodging
 + Level 0.3 Stealth
 + Level 3.0 Unarmed Combat
 + Level 2.1 Spellcasting
 * Level 2.1 Transmutations


You had 3 spell levels left.
You knew the following spells:

 Your Spells              Type           Power      Damage    Failure   Level
a - Beastly Appendage     Tmut           12%        N/A       11%         1

Your spell library contained the following spells:

 Spells                   Type           Power      Damage    Failure   Level
 Wereblood                Tmut           6%         N/A       16%         2
 Spider Form              Tmut/Pois      2%         N/A       43%         3
 Gell's Gravitas          Tloc           0%         N/A       58%         3
 Lesser Beckoning         Tloc           0%         N/A       58%         3
 Teleport Other           Tloc           1%         N/A       58%         3
 Ice Form                 Ice/Tmut       4%         N/A       85%         4


Dungeon Overview and Level Annotations

Branches:
Dungeon (1/15)

Altars:


Innate Abilities, Weirdness & Mutations

Your serpentine skin is tough. (AC +0)
You have supernaturally acute eyesight. (SInv)
Armour fits poorly on your strangely shaped body.
Your system is resistant to poisons. (rPois)
You cover ground very slowly.
You can spit poison.
You have a snake-like lower body.


Message History

The hobgoblin shouts!
The quokka bites you.
A goblin comes into view. It is wielding a +0 club.
There are monsters nearby!
There are monsters nearby!
You barely miss the quokka. The quokka closely misses you.
The ball python bites you.
You hit the quokka.
The quokka is severely wounded.
The quokka bites you. The ball python bites you.
There are monsters nearby!
You are too injured to fight recklessly!
There are monsters nearby!
You are too injured to fight recklessly!
You are too injured to fight recklessly!
There are monsters nearby!
Unknown command.
The ball python bites you.
A hobgoblin comes into view.
The ball python bites you.
* * * LOW HITPOINT WARNING * * *
The quokka misses you.
Press: ? - help, Shift-Dir - straight line, f - hobgoblin
Aim: a hobgoblin, wielding a +0 trident The splash of poison misses the ball python.
The splash of poison hits the hobgoblin!
You kill the hobgoblin!
The ball python bites you.
* * * LOW HITPOINT WARNING * * *
The quokka bites you.
* * * LOW HITPOINT WARNING * * *
Unknown command.
It was a potion of invisibility.
You fade into invisibility!
The hobgoblin shouts!
The ball python closely misses you. The quokka bites you.
* * * LOW HITPOINT WARNING * * *
You are very lightly contaminated with residual magic.
The ball python bites you.
You die...

##################
#####.....#..........#
....... #.#.########.#
....... #......# #.#
.......##@.....# #.#
.......rS......# #.#
........#.#.##### #[#
...............).###.#
.....#)###g........#.#
###..#. .#####.#.#.#
... #. .. #.....# ###
.. ### #...### #$
#...#


You could see a quokka, a hobgoblin (wandering) and a ball python.

Vanquished Creatures
  A bat (D:1)
  A goblin (D:1)
  A hobgoblin (D:1)
  A rat (D:1)
4 creatures vanquished.

Notes
Turn   | Place    | Note
-------+----------+-------------------------------------------
     0 | D:1      | runemasterragnar the Naga Transmuter began the quest for
                  | the Orb.
     0 | D:1      | Reached XP level 1. HP: 18/18 MP: 3/3
   330 | D:1      | Slain by a ball python

Illustrated notes

Levels and vault maps discovered:
D:1:      evilmike_arrival_crescent, layout_basic, minmay_tromino_mix6

Action                   || total
-------------------------++-------
Melee: Unarmed           ||     9
 Cast: Beastly Appendage ||     1
 Abil: Spit Poison       ||     1
  Use: Potion            ||     1
Dodge: Dodged            ||     5

Table legend: (Time is in decaauts)
 A = Elapsed time spent in this place.
 B = Non-inter-level travel time spent in this place.
 C = Inter-level travel time spent in this place.
 D = Time resting spent in this place.
 E = Time spent auto-exploring this place.
 F = Levels seen in this place.
 G = Mean time per level.
                   A        B        C        D        E       F      G
               +--------+--------+--------+--------+--------+-----+--------+
         Total |    412 |    412 |      0 |      0 |    364 |   1 |  412.0 |
       Dungeon |    412 |    412 |      0 |      0 |    364 |   1 |  412.0 |
               +--------+--------+--------+--------+--------+-----+--------+

Top non-repeatable levels by time:
     D:1: 412 daAuts
